Map: Frozen Temple

Players

capac - Winner!

  • Race: Terran Terran
  • League: Gold

A.I. 1 (Elite)

  • Race: Zerg Zerg

VOD

Have the link to the VOD?

Description

Time

  • Played on: May 15, 2016, 5:01 a.m.
  • Length: 11:35
Show
View Real Time Build Order
Export as new Build Order

capac Terran - Winner!

Build Orders:  

Get SALT Encoding   

  12  0:01  SCV  
  13  0:13  SCV  
  14  0:19  Supply Depot  
  14  0:25  SCV  
  15  0:40  SCV  
  16  0:44  Barracks  
  16  0:51  Refinery  
  16  0:53  SCV  
  17  1:05  SCV  
  18  1:17  SCV  
  20  1:33  Orbital Command  
  20  1:37  Marine  
  20  1:56  Command Center  
  20  1:58  Marine  
  21  2:08  Supply Depot  
  21  2:12  Factory  
  21  2:22  Marine  
  22  2:27  Refinery  
  22  2:35  Barracks  
  22  2:37  SCV  
  22  2:42  Marine  
  23  2:56  Factory Tech Lab  
  23  3:00  Starport  
  23  3:07  SCV  
  23  3:12  Marine  
  25  3:17  Siege Tank  
  28  3:25  SCV  
  29  3:37  SCV  
  30  3:52  Starport Tech Lab  
  30  4:05  Bunker  
  30  4:10  Marine  
  30  4:13  Barracks Reactor  
  30  4:14  Siege Tank  
  34  4:17  Medivac  
  34  4:21  SCV  
  34  4:23  Orbital Command  
  38  4:32  Barracks Tech Lab  
  38  4:35  SCV  
  38  4:55  Stimpack  
  38  4:58  Starport Tech Lab  
  38  5:02  Marine x2  
  38  5:05  SCV  
  41  5:14  Marine  
  42  5:17  Supply Depot  
  42  5:26  Starport Reactor  
  42  5:27  Marine x2  
  44  5:29  Barracks  
  44  5:30  SCV x2  
  46  5:39  Marauder  
  46  5:41  Supply Depot  
  48  5:43  Siege Tank  
  48  5:47  Marine  
  48  5:48  Marine  
  53  5:56  SCV  
  54  6:03  SCV  
  55  6:07  Supply Depot  
  55  6:08  Marine x2, SCV  
  55  6:09  Marine  
  55  6:11  Medivac  
  61  6:15  SCV  
  61  6:16  Medivac  
  64  6:20  SCV  
  64  6:22  Refinery x2  
  65  6:27  SCV  
  65  6:28  Marine x3  
  65  6:29  Marine  
  65  6:32  Supply Depot  
  70  6:38  Starport  
  70  6:45  SCV  
  70  6:46  SCV  
  72  6:48  Liberator  
  72  6:52  Liberator  
  72  6:53  Marine x3  
  72  6:54  Marine  
  75  6:58  Supply Depot  
  75  7:01  SCV x2  
  81  7:11  Marine x2  
  86  7:17  Starport Reactor  
  86  7:19  Marine  
  86  7:20  Supply Depot x2  
  86  7:22  SCV x2  
  89  7:28  Marine  
  90  7:34  Marine x2  
  90  7:36  SCV x2  
  94  7:41  Marine  
  94  7:42  Liberator x2  
  94  7:43  Supply Depot  
  95  7:45  Supply Depot  
  95  7:56  Marine x3  
  98  7:59  Liberator  
  98  8:02  Liberator  
  104  8:08  Marine  
  104  8:11  Supply Depot  
  104  8:12  SCV x2  
  107  8:15  Supply Depot  
  113  8:53  Marine x2  
  113  8:54  Marine x2  
  117  9:08  Command Center  
  117  9:11  Marine x3  
  117  9:12  Marine  
  121  9:18  Liberator x2  
  121  9:20  Liberator x2  
  121  9:29  Marine  
  121  9:30  Marine x3  
  113  9:32  SCV x2  
  113  9:34  Siege Tank  
  130  9:41  Supply Depot  
  130  9:47  Marine  
  131  10:08  Marine x4  
  135  10:26  Marine x3  
  135  10:27  Marine  
  139  10:44  Marine x3  
  139  10:45  Marine  
  142  11:02  Marine x2  
Show
View Real Time Build Order
Export as new Build Order

A.I. 1 (Elite) Zerg 

Build Orders: Pool First, Zergling Baneling 

Get SALT Encoding   

  12  0:00  Drone  
  13  0:07  Drone  
  14  0:17  Overlord  
  14  0:34  Spawning Pool  
  13  0:37  Drone  
  13  0:41  Extractor  
  13  0:43  Drone  
  13  0:47  Drone  
  15  1:20  Queen  
  15  1:23  Zergling x6  
  20  1:47  Hatchery  
  20  1:53  Drone  
  20  2:00  Zergling x2  
  21  2:05  Zergling x2  
  22  2:15  Overlord  
  22  2:26  Baneling Nest  
  22  2:29  Drone  
  22  2:34  Zergling x2  
  23  2:39  Zergling x2  
  24  2:45  Zergling x2  
  24  2:50  Zergling x2  
  26  3:10  Baneling  
  26  3:13  Zergling x2  
  27  3:24  Overlord  
  27  3:29  Zergling x2  
  27  3:33  Zergling x2  
  29  3:38  Zergling x2  
  26  3:42  Zergling x2  
  26  3:46  Baneling x2  
  26  3:47  Zergling x2  
  25  3:51  Baneling x2  
  25  3:52  Zergling x2  
  26  3:55  Baneling x2  
  26  3:57  Zergling x2  
  26  4:00  Baneling  
  26  4:02  Zergling x2  
  28  4:06  Zergling x2  
  28  4:08  Baneling  
  29  4:14  Zergling x2  
  30  4:17  Zergling x2  
  30  4:22  Drone  
  32  4:38  Roach Warren  
  31  4:47  Drone  
  31  4:52  Drone  
  33  4:56  Drone  
  33  4:59  Drone  
  35  5:09  Lair  
  35  5:20  Roach  
  37  5:34  Overlord  
  37  5:40  Roach  
  39  5:45  Roach  
  41  5:53  Extractor, Roach  
  41  5:55  Extractor  
  41  5:56  Drone  
  42  5:59  Drone  
  43  6:04  Roach  
  45  6:11  Hydralisk Den  
  45  6:12  Overlord  
  45  6:15  Drone  
  45  6:19  Drone  
  45  6:22  Drone  
  47  6:26  Drone  
  47  6:29  Drone  
  49  6:33  Drone  
  49  6:35  Roach  
  49  6:41  Hydralisk  
  49  6:46  Hydralisk  
  48  6:48  Drone  
  48  6:53  Drone  
  50  6:55  Drone  
  50  6:59  Drone  
  52  7:03  Drone  
  52  7:05  Drone  
  54  7:12  Overlord  
  54  7:15  Drone  
  55  7:18  Drone  
  55  7:20  Drone  
  57  7:23  Drone  
  57  7:26  Drone  
  59  7:30  Drone  
  59  7:31  Drone  
  59  7:35  Overlord  
  61  7:38  Drone  
  63  7:44  Drone  
  63  7:45  Drone  
  63  7:46  Drone  
  63  7:48  Drone  
  63  7:50  Drone  
  67  7:54  Overseer  
  67  7:56  Drone  
  68  7:59  Overlord  
  68  8:06  Drone  
  68  8:10  Drone  
  70  8:17  Infestation Pit, Roach, Drone x2  
  70  8:18  Drone  
  74  8:21  Overlord  
  74  8:29  Drone  
  74  8:31  Baneling x2  
  74  8:32  Baneling, Drone  
  74  8:33  Baneling  
  74  8:34  Baneling  
  76  8:35  Baneling  
  76  8:36  Baneling x2  
  76  8:40  Roach  
  78  8:42  Roach  
  79  8:48  Overlord, Roach, Drone  
  79  8:54  Infestor  
  79  8:55  Infestor  
  85  9:01  Hydralisk  
  79  9:03  Hydralisk  
  81  9:13  Roach  
  81  9:14  Drone  
  82  9:20  Drone x2  
  81  9:24  Queen  
  81  9:25  Drone  
  81  9:30  Drone  
  81  9:37  Drone  
  80  9:39  Drone  
  80  9:41  Drone  
  77  9:46  Zergling x2  
  77  9:52  Hydralisk  
  71  9:59  Hydralisk  
  66  10:04  Drone  
  61  10:09  Drone  
  57  10:14  Zergling x2  
  57  10:18  Drone  
  54  10:27  Hydralisk  
  53  10:32  Zergling x2  
  50  10:41  Hydralisk  
  49  10:46  Drone  
Tags
 
League
Gold
Matchup
TvZ
Opening
Pool First
Add a new tag
Caveats
  • Supply blocks, unpowered buildings, or Contaminate may cause inaccurate times.
  • Supply counts are checked every 10 seconds.